 Dungeon Crawl Stone Soup version 0.22-a0-388-g09e6169 (webtiles) character file.

180 Mgcat the Insei (level 5, 0/33 HPs)
             Began as an Octopode Transmuter on Apr 29, 2018.
             Killed by nerve-wracking pain
             ... invoked by an orc priest
              (2 damage)
             ... on level 3 of the Dungeon.
             The game lasted 00:07:03 (2406 turns).

Mgcat the Insei (Octopode Transmuter)               Turns: 2406, Time: 00:07:04

Health: 0/33       AC:  1    Str:  9    XL:     5   Next: 60%
Magic:  5/8        EV: 13    Int: 14    God:
Gold:   158        SH:  0    Dex: 13    Spells: 2/8 levels left

rFire    + . .     SeeInvis .     - Unarmed
rCold    . . .     Gourm    .   (no shield)
rNeg     . . .     Faith    .   (helmet restricted)
rPois    .         Spirit   .   (no amulet)
rElec    .         Reflect  .   i - -2 ring of intelligence (curse)
rCorr    .         Harm     .   k - ring of protection from fire {rF+, !d}
MR       .....                  (no ring)
Stlth    ++........             (no ring)
HPRegen  0.11/turn              (no ring)
MPRegen  0.11/turn              (no ring)
                                (no ring)
                                (no ring)

@: no status effects
A: almost no armour, stealthy swim, amphibious, 8 rings, constrict 8, camouflage
1, gelatinous body 1
a: no special abilities


You were on level 3 of the Dungeon.
You were not hungry.

You visited 1 branch of the dungeon, and saw 3 of its levels.

You collected 158 gold pieces.

Inventory:

Missiles
 a - 9 arrows
Jewellery
 i - a cursed -2 ring of intelligence (left tentacle)
   (You found it on level 1 of the Dungeon)
 k - a ring of protection from fire (right tentacle) {rF+, !d}
   (You found it on level 1 of the Dungeon)
Scrolls
 d - a scroll of amnesia {unknown}
 e - 5 scrolls of identify {unknown}
 f - a scroll of blinking {unknown}
 n - a scroll of random uselessness {unknown}
 q - a scroll of fear {unknown}
Potions
 b - a potion of mutation {unknown}
 g - a potion of resistance {unknown}
 h - 2 potions of curing {unknown}
 j - a potion of might {unknown}
 l - 2 potions of cancellation
 m - 2 potions of heal wounds {unknown}
 o - 2 potions of flight {unknown}
Comestibles
 c - 9 rations
 p - 7 chunks of flesh {@w0}


   Skills:
 - Level 1.0 Fighting
 - Level 2.0 Dodging
 + Level 6.1 Unarmed Combat
 - Level 2.0 Spellcasting
 - Level 2.0 Transmutations


You had 2 spell levels left.
You knew the following spells:

 Your Spells              Type           Power        Failure   Level  Hunger
a - Beastly Appendage     Tmut           #.....       11%         1    ##.....
b - Sticks to Snakes      Tmut           #.......     16%         2    ###....
c - Spider Form           Tmut/Pois      #.........   43%         3    ####...


Dungeon Overview and Level Annotations

Branches:
Dungeon (3/15)

Altars:


Innate Abilities, Weirdness & Mutations

You cannot wear most types of armour.
You are very stealthy in the water. (Stealth+)
You are amphibious.
You can wear up to eight rings at the same time.
You can use your tentacles to constrict eight enemies at once.
Your skin changes colour to match your surroundings (Stealth+).
Your rubbery body absorbs attacks. (AC +1, EV +1)


Message History

c - 9 rations (gained 1)
A hobgoblin comes into view.
Casting: Beastly Appendage (safe; 11% risk of failure)
Confirm with . or Enter, or press ? or * to list all spells.
One of your tentacles grows a vicious spike.
The hobgoblin shouts!
The hobgoblin barely misses you.
You see here a dagger.
You tentacle-slap the hobgoblin. Your grab misses the hobgoblin.
The hobgoblin is moderately wounded.
The hobgoblin misses you.
You closely miss the hobgoblin. Your grab misses the hobgoblin.
The hobgoblin is moderately wounded.
The hobgoblin barely misses you.
You tentacle-slap the hobgoblin. You grab the hobgoblin.
The hobgoblin is almost dead.
Your transformation is almost over.
You constrict the hobgoblin.
You kill the hobgoblin!
No target in view!
No target in view!
You see here a dagger.
A rat comes into view.
The rat bites you.
You tentacle-slap the rat.
You kill the rat!
No target in view!
Your tentacle spike disappears.
You butcher the rat corpse.
p - 7 chunks of flesh {@w0} (gained 1)
An ooze and an orc come into view.
The ooze quivers.
Casting: Beastly Appendage (safe; 11% risk of failure)
Confirm with . or Enter, or press ? or * to list all spells.
One of your tentacles grows a vicious spike.
An orc comes into view. It is wielding a mace.
Your transformation is almost over.
The ooze barely misses you.
You tentacle-slap the ooze.
You pierce the ooze.
The ooze is severely wounded.
The ooze barely misses you.
You tentacle-slap the ooze but do no damage.
You kill the ooze!
The orc misses you.
You barely miss the orc. You grab the orc.
You pierce the orc, but do no damage.
You constrict the orc.
The orc shouts!
You hear a shout!
The orc barely misses you.
You hear a shout!
You tentacle-slap the orc.
The orc is heavily wounded.
You constrict the orc. The orc hits you with a mace.
You tentacle-slap the orc.
You kill the orc!
You barely miss the orc. You grab the orc.
Your tentacle spike misses the orc.
You tentacle-slap the orc.
The orc is severely wounded.
You constrict the orc.
You kill the orc!
An orc comes into view. It is wielding a falchion.
An orc priest comes into view. It is wielding a mace.
The orc priest shouts!
An orc comes into view. It is wielding a hand axe.
Items here: )) [ †† a mace x2; a ring mail; an orc corpse x2
Your tentacle spike disappears.
The orc shouts!
You tentacle-slap the orc priest but do no damage.
You grab the orc priest. You constrict the orc priest.
The orc hits you with a falchion.
The orc priest looks encouraged for a moment.
You are too injured to fight recklessly!
Casting: Beastly Appendage (safe; 11% risk of failure)
Confirm with . or Enter, or press ? or * to list all spells.
One of your tentacles grows a vicious spike.
You constrict the orc priest. The orc priest barely misses you.
The orc barely misses you.
You constrict the orc priest. The orc hits you with a falchion.
The orc priest calls down the wrath of Beogh upon you.
Beogh smites you!
* * * LOW HITPOINT WARNING * * *
Casting: Beastly Appendage (safe; 11% risk of failure)
Confirm with . or Enter, or press ? or * to list all spells.
You create a snake!
You now have 9 arrows.
You constrict the orc priest. The orc priest hits you with a mace.
* * * LOW HITPOINT WARNING * * *
The orc hits you with a falchion.
* * * LOW HITPOINT WARNING * * *
You constrict the orc priest.
You swap places.
You release your grip on the orc priest.
Something hits your ball python.
Your ball python dies!
It was a potion of cancellation.
Your magical effects are unravelling.
You feel magically purged.
Your tentacle spike disappears.
The orc priest calls down the wrath of Beogh upon you.
Pain shoots through your body!
You die...

#...#.#.# #.#.#
##.##.##.# ..#.#
#..#)###.# ..#.#
###.## #.# #..# #.##
#.# #..#
#######.########.....#
..........).....#
###...#.###o.##..#
#.......@#o#
#.###.##.#o.# ...
#.#.#..... ##. #.##
##..## # #.# #.# .. .#
.#


You could see an orc priest.

Vanquished Creatures
  A centaur skeleton (D:3)
  An orc wizard (D:3)
  5 adders
  3 oozes
  3 worms (D:2)
  A dart slug (D:1)
  5 orcs (D:3)
  A ball python (D:2)
  2 giant cockroaches
  6 goblins
  10 hobgoblins
  7 kobolds
  A quokka (D:2)
  5 bats
  2 frilled lizards
  5 rats
58 creatures vanquished.

Vanquished Creatures (collateral kills)
  A goblin (D:3)
1 creature vanquished.

Grand Total: 59 creatures vanquished

Notes
Turn   | Place    | Note
-------+----------+-------------------------------------------
     0 | D:1      | Mgcat the Octopode Transmuter began the quest for the Orb.
     0 | D:1      | Reached XP level 1. HP: 13/13 MP: 3/3
    16 | D:1      | HP: 3/13 [ooze (5)]
    18 | D:1      | Reached XP level 2. HP: 3/18 MP: 5/5
   406 | D:1      | Reached skill level 4 in Unarmed Combat
   714 | D:2      | Reached XP level 3. HP: 23/23 MP: 4/6
   731 | D:2      | Learned a level 2 spell: Sticks to Snakes
   735 | D:2      | Learned a level 3 spell: Spider Form
  1057 | D:2      | Reached XP level 4. HP: 19/28 MP: 3/7
  1202 | D:2      | Reached skill level 5 in Unarmed Combat
  1983 | D:3      | Reached XP level 5. HP: 18/33 MP: 6/8
  2183 | D:3      | Reached skill level 6 in Unarmed Combat
  2402 | D:3      | HP: 8/33 [orc priest/divine providence (13)]
  2403 | D:3      | HP: 2/33 [orc/falchion (3)]
  2406 | D:3      | Killed from afar by an orc priest

Vault maps used:
D:1:      grunt_arrival_lava_bath
D:3:      wad_crossroads, grunt_dithmenos_smoke, serial_bayou,
          serial_bayou_shore_b, serial_bayou_ford_a, serial_bayou_pond_a,
          serial_bayou_lagoon_a, minmay_misc_feat_four_crosses,
          lemuel_old_faithful

Skill      XL: |  1  2  3  4  5 |
---------------+----------------+-----
Unarmed Combat | 4 5 6 |  6.1
Fighting       | |  1.0
Dodging        | |  2.0
Spellcasting   | |  2.0
Transmutations | |  2.0

Action                   |  1- 3 |  4- 6 || total
-------------------------+-------+-------++-------
Melee: Unarmed           |    59 |    64 ||   123
       Constrict         |    17 |    19 ||    36
       Kick              |    10 |    18 ||    28
       Tentacles         |     5 |     7 ||    12
       Punch             |     1 |     3 ||     4
 Cast: Beastly Appendage |    18 |    22 ||    40
       Sticks to Snakes  |     1 |     2 ||     3
  Use: Potion            |       |     1 ||     1
 Stab: Sleeping          |     6 |     4 ||    10
       Distracted        |       |     1 ||     1
  Eat: Chunk             |     1 |     5 ||     6
Armor: Skin              |    11 |     3 ||    14
Dodge: Dodged            |    41 |    45 ||    86

Table legend:
 A = Spawn XP
 B = Non-spawn XP
 C = Spawn XP percentage of total XP
 D = Spawn monster count
 E = Non-spawn monster count
 F = Spawn count percentage of total count
 G = Total turns spent on level
                    A         B        C        D         E        F      G
               +---------+---------+-------+---------+---------+-------+---------
         Total |       0 |     258 |   0.0 |       0 |      59 |   0.0 |  2406
               +---------+---------+-------+---------+---------+-------+---------
           D:1 |       0 |      31 |   0.0 |       0 |      16 |   0.0 |   665
           D:2 |       0 |      97 |   0.0 |       0 |      21 |   0.0 |  1195
           D:3 |       0 |     130 |   0.0 |       0 |      22 |   0.0 |   546
               +---------+---------+-------+---------+---------+-------+---------

Vault maps used:
D:1:      grunt_arrival_lava_bath
D:3:      wad_crossroads, grunt_dithmenos_smoke, serial_bayou,
          serial_bayou_shore_b, serial_bayou_ford_a, serial_bayou_pond_a,
          serial_bayou_lagoon_a, minmay_misc_feat_four_crosses,
          lemuel_old_faithful

Table legend:
 A = Turns spent in this place as a percentage of turns spent in the entire game.
 B = Non-inter-level travel turns spent in this place as a percentage of non-inter-level travel turns spent in the entire game.
 C = Inter-level travel turns spent in this place as a percentage of turns spent in this place.
 D = Turns resting spent in this place as a percentage of non-inter-level travel turns spent in this place.
 E = Turns spent auto-exploring this place as a percentage of non-inter-level travel turns spent in this place.
 F = Non-inter-level travel turns spent in this place divided by the number of levels of this place that you've seen.
                   A       B       C       D       E      F
               +-------+-------+-------+-------+-------+----------------------
         Total | 100.0 | 100.0 |   1.4 |   0.0 |  80.0 | 790.7
       Dungeon | 100.0 | 100.0 |   1.4 |   0.0 |  80.0 | 790.7
               +-------+-------+-------+-------+-------+----------------------

Table legend:
 A = Kills in this place as a percentage of kills in entire the game.
 B = Kills by you in this place as a percentage of kills by you in the entire game.
 C = Kills by friends in this place as a percentage of kills by friends in the entire game.
 D = Other kills in this place as a percentage of other kills in the entire game.
 E = Experience gained in this place as a percentage of experience gained in the entire game.
 F = Experience gained in this place divided by the number of levels of this place that you have seen.
                   A       B       C       D       E      F
               +-------+-------+-------+-------+-------+----------------------
         Total | 100.0 | 100.0 | 100.0 |   N/A | 100.0 |  86.0
       Dungeon | 100.0 | 100.0 | 100.0 |   N/A | 100.0 |  86.0
               +-------+-------+-------+-------+-------+----------------------
